 Dungeon Crawl Stone Soup version 0.27-a0-920-gb2bd10914a (webtiles) character file.

Game seed: 11858735608451033194

737 robertstho the Magician (level 7, -1/49 HPs)
             Began as a Djinni Ice Elementalist on Apr 9, 2021.
             Slain by an ice beast (19 damage)
             ... on level 5 of the Dungeon.
             The game lasted 00:06:47 (5397 turns).

robertstho the Magician (Djinni Ice Elementalist)   Turns: 5397, Time: 00:06:47

Health: -1/49      AC:  7    Str:  7    XL:     7   Next: 75%
Gold:   266        EV: 13    Int: 18    God:
                   SH:  0    Dex: 14

rFire    + + .     SeeInvis +   f - +2 dagger (venom)
rCold    x . .     Faith    .   (no shield)
rNeg     + . .     Spirit   .   a - +0 robe
rPois    ∞         Reflect  .   l - +0 helmet
rElec    .         Harm     .   u - +2 cloak {rPois}
rCorr    .         Rampage  .   m - +0 pair of gloves
Will     +++..     Clarity  +   (boots unavailable)
Stlth    ++........             j - amulet of the Four Winds {rN+ Will+++ Clar}
HPRegen  0.16/turn              t - ring of see invisible
MPRegen  0.00/turn              (no ring)

@: flying
A: fire resistance 2, cold vulnerability 1, float, innate caster, hp casting,
extra vitality 1
a: no special abilities


You were on level 5 of the Dungeon.
You visited 1 branch of the dungeon, and saw 5 of its levels.

You collected 266 gold pieces.

Inventory:

Hand Weapons
 c - a +0 dagger
 f - a +2 dagger of venom (weapon)
 g - a +0 falchion
Missiles
 h - 137 stones
Armour
 a - a +0 robe (worn)
 l - a +0 helmet (worn)
 m - a +0 pair of gloves (worn)
 u - a +2 cloak of poison resistance (worn)
Jewellery
 j - the amulet of the Four Winds (around neck) {rN+ Will+++ Clar}
   (You found it on level 4 of the Dungeon)

   [amulet of nothing]

   It protects you from negative energy.
   It protects you against confusion.
   It greatly increases your willpower.
 n - an amulet of reflection
 t - a ring of see invisible (left hand)
Wands
 k - a wand of iceblast (5)
Scrolls
 d - a scroll of noise {unknown}
 i - 2 scrolls of teleportation
 q - a scroll of fear {unknown}
Potions
 b - a potion of haste
 e - a potion of might {unknown}
 o - a potion of resistance {unknown}
 p - a potion of ambrosia {unknown}
 r - a potion of attraction {unknown}
 s - a potion of berserk rage {unknown}


   Skills:
 * Level 2.8 Fighting
 + Level 1.9 Short Blades
 + Level 3.6 Dodging
 + Level 2.8 Stealth
 + Level 0.7 Shields
 * Level 6.2 Spellcasting


You couldn't memorise any spells.
You knew the following spells:

 Your Spells              Type           Power      Damage    Failure   Level
a - Freeze                Ice            100%       1d11      1%          1
b - Frozen Ramparts       Ice            56%        1d7       2%          3
c - Ozocubu's Armour      Ice            28%        N/A       2%          3
d - Hailstorm             Conj/Ice       28%        3d8       9%          4
e - Summon Ice Beast      Ice/Summ       28%        N/A       9%          4
f - Magic Dart            Conj           100%       1d8       1%          1
g - Ensorcelled Hibernat  Hex/Ice        56%        N/A       1%          2
h - Inner Flame           Hex/Fire       28%        N/A       2%          3
Your spell library was empty.

Dungeon Overview and Level Annotations

Branches:
Dungeon (5/15)
 Temple: D:4-7

Altars:
Gozag


Innate Abilities, Weirdness & Mutations

You are immune to poison.
Your flesh is very heat resistant. (rF++)
You are vulnerable to cold. (rC-)
You float through the air rather than walking.
You learn spells naturally, not from books.
Your magical power is your life essence.
You have superior vitality. (+4 HP)


Message History

Done exploring.
(D) Dungeon
Where to? (Enter - D:3, ? - help)
There is a stone staircase leading down here.
You fly downwards.
There is a stone staircase leading up here.
Done exploring.
Done exploring.
Done exploring.
Done exploring.
(D) Dungeon
Where to? (Enter - D:4, ? - help)
You see here a +2 antimagic hand axe.
You see here 13 arrows.
There is an open door here.
There is a stone staircase leading down here.
You fly downwards.
There is a stone staircase leading up here.
An ice beast is nearby!
An ice beast is nearby!
An ice beast is nearby!
An ice beast is nearby!
You closely miss the ice beast. The ice beast hits you.
The ice beast freezes you!
You feel a terrible chill!
Casting: Freeze (safe; 1% risk of failure)
Confirm with . or Enter, or press ? or * to list all spells.
A chill wind blows around you. The ice beast misses you.
Your ice beast hits the ice beast but does no damage.
Your ice beast closely misses the ice beast.
Casting: Summon Ice Beast (dangerous; 9% risk of failure)
Confirm with . or Enter, or press ? or * to list all spells.
A chill wind blows around you. The ice beast closely misses you.
Your ice beast hits the ice beast.
Your ice beast freezes the ice beast.
The ice beast completely resists.
Your ice beast closely misses the ice beast.
Casting: Summon Ice Beast (dangerous; 9% risk of failure)
Confirm with . or Enter, or press ? or * to list all spells.
A chill wind blows around you. The ice beast hits you.
The ice beast freezes you!!
You feel a terrible chill!
You die...

####.##..........'..
#................#..
#.###.##.........###
#.# #.....#####+##
#.#######.# #.#
#.....# #.# #Y#
#...#.###.# #.#
#Y......#.### #†####
#..@.##Y#...# #...Y.
###Y.##.#...###.####
#YY...#......>.
#.###.#.....#.#
#.#<...$....#.#
#........#....#
#........# ###
#........#
#........#


You could see an ice beast (ally target) and 3 friendly ice beasts.

Vanquished Creatures
  A black bear (D:4)
  A sky beast (D:5)
  An ogre (D:4)
  A centaur (D:5)
  A howler monkey (D:4)
  2 hounds (D:4)
  A centaur skeleton (D:5)
  An iguana (D:5)
  3 orc wizards (D:4)
  Robin (D:4)
  A gnoll (D:4)
  3 adders
  An ufetubus (D:4)
  2 worms (D:2)
  An adder skeleton (D:4)
  7 dart slugs
  13 orcs
  7 ball pythons
  7 endoplasms
  5 giant cockroaches
  10 goblins
  4 hobgoblins
  4 jackals (D:2)
  2 quokkas
  5 bats
  A frilled lizard (D:1)
  6 kobolds
  7 rats
99 creatures vanquished.

Notes
Turn   | Place    | Note
-------+----------+-------------------------------------------
     0 | D:1      | robertstho the Djinni Ice Elementalist began the quest for
                  | the Orb.
     0 | D:1      | Reached XP level 1. HP: 15/15 MP: 0/0
   279 | D:1      | Reached XP level 2. HP: 19/21 MP: 0/0
   375 | D:1      | Reached skill level 4 in Spellcasting
   918 | D:1      | Reached XP level 3. HP: 20/25 MP: 0/0
   918 | D:1      | Learned a level 1 spell: Magic Dart
  2108 | D:2      | Reached XP level 4. HP: 28/31 MP: 0/0
  2309 | D:2      | Found a faded altar of an unknown god.
  2468 | D:3      | You are sucked into a shaft and drop 2 floors!
  2468 | D:5      | Entered Level 5 of the Dungeon
  2469 | D:5      | Noticed a sky beast
  2476 | D:5      | Killed a sky beast
  2477 | D:5      | Reached skill level 1 in Fighting
  2477 | D:5      | Reached skill level 5 in Spellcasting
  2477 | D:5      | Reached XP level 5. HP: 26/37 MP: 0/0
  2477 | D:5      | Learned a level 2 spell: Ensorcelled Hibernation
  2481 | D:5      | Noticed a centaur
  2490 | D:5      | Killed a centaur
  2491 | D:5      | Reached XP level 6. HP: 1/42 MP: 0/0
  2823 | D:5      | Noticed an ice beast
  2864 | D:5      | Reached skill level 1 in Short Blades
  2988 | D:4      | Found the amulet of the Four Winds {rN+ Will+++ Clar}
  3095 | D:4      | Noticed Robin
  3108 | D:4      | Killed Robin
  3346 | D:4      | Noticed a black bear
  3358 | D:4      | Killed a black bear
  3582 | D:4      | Reached XP level 7. HP: 39/49 MP: 0/0
  3582 | D:4      | Learned a level 3 spell: Inner Flame
  3748 | D:4      | Reached skill level 6 in Spellcasting
  4627 | D:3      | Found an opulent altar of Gozag.
  5397 | D:5      | Slain by an ice beast

Illustrated notes

Levels and vault maps discovered:
D:1:      ebering_trefoil_twist, layout_rooms, interstate_on_off,
          minmay_close_crescents
D:2:      layout_loops_ring, chequers_ecumenical_altar_lobes
D:3:      layout_basic, nicolae_gozag_seed_capital
D:4:      layout_basic, chequers_serial_rivers_micro_a, cheibrodos_gnoll_hut,
          uniq_robin
D:5:      layout_basic, lemuel_round_altar, serial_shops, kennysheep_mini_moat

Skill      XL: |  1  2  3  4  5  6  7 |
---------------+----------------------+-----
Spellcasting   | 4 5 6 |  6.2
Fighting       | 1 2 |  2.8
Stealth        | 2 |  2.8
Dodging        | 3 |  3.6
Short Blades   | 1 |  1.9
Shields        | |  0.7

Action                   |  1- 3 |  4- 6 |  7- 9 || total
-------------------------+-------+-------+-------++-------
Melee: Unarmed           |     2 |       |       ||     2
       Dagger            |    22 |    42 |    76 ||   140
 Cast: Freeze            |    48 |    11 |     2 ||    61
       Frozen Ramparts   |       |     7 |     3 ||    10
       Ozocubu's Armour  |       |     3 |       ||     3
       Summon Ice Beast  |       |       |     3 ||     3
  Use: Scroll            |       |     4 |       ||     4
       Potion            |       |     1 |       ||     1
 Stab: Sleeping          |     3 |     3 |     3 ||     9
Armor: Robe              |    10 |    16 |    18 ||    44
Dodge: Dodged            |    31 |    32 |    39 ||   102
Block: Other             |       |     7 |       ||     7

Table legend: (Time is in decaauts)
 A = Elapsed time spent in this place.
 B = Non-inter-level travel time spent in this place.
 C = Inter-level travel time spent in this place.
 D = Time resting spent in this place.
 E = Time spent auto-exploring this place.
 F = Levels seen in this place.
 G = Mean time per level.
                   A        B        C        D        E       F      G
               +--------+--------+--------+--------+--------+-----+--------+
         Total |   5371 |   5025 |    346 |    388 |   4006 |   5 | 1074.2 |
       Dungeon |   5371 |   5025 |    346 |    388 |   4006 |   5 | 1074.2 |
               +--------+--------+--------+--------+--------+-----+--------+

Top non-repeatable levels by time:
     D:4: 1668 daAuts
     D:1: 1328 daAuts
     D:2: 1159 daAuts
     D:3: 713 daAuts
     D:5: 501 daAuts
